 Dungeon Crawl Stone Soup version 0.31-a0-73-g838c19eb66 (webtiles) character file.

Game seed: 17801593918798869074

143 Colgate the Grave Robber (level 5, 0/38 HPs)
             Began as a Meteoran Necromancer on May 23, 2023.
             Slain by a sky beast (5 damage)
             ... on level 4 of the Dungeon.
             The game lasted 00:05:20 (330 turns).

Colgate the Grave Robber (Meteoran Necromancer)      Turns: 330, Time: 00:05:21

Health: 0/38       AC:  3    Str:  9    XL:     5   Next: 80%
Magic:  3/13       EV: 12    Int: 19    God:
Gold:   40         SH:  0    Dex: 14    Spells: 5/13 levels left

rFire   . . .        a - +8 dagger of Xuavuaco {venom, rPois rN+}
rCold   . . .        (no shield)
rNeg    + . .        h - +0 robe
rPois   +            k - +0 helmet
rElec   .            (no cloak)
rCorr   .            (no gloves)
SInv    .            (no boots)
Will    .....        (no amulet)
Stlth   +            (no ring)
HPRegen 0.26/turn    (no ring)
MPRegen 0.13/turn

%: no passive effects
@: animating dead, very slightly contaminated, glowing
A: sense surroundings 1, otherworldly, glowing, explore regen
a: no special abilities


You were on level 4 of the Dungeon.
You visited 1 branch of the dungeon, and saw 4 of its levels.

You collected 40 gold pieces.

Inventory:

Hand Weapons
 a - the +8 dagger of Xuavuaco (weapon) {venom, rPois rN+}
   (You found it on level 3 of the Dungeon)

   rPois:     It protects you from poison.
   rN:        It protects you from negative energy.
 b - a +0 sling
 c - a +0 morningstar
Armour
 h - a +0 robe (worn)
 k - a +0 helmet (worn)
Scrolls
 d - a scroll of identify {unknown}
 i - a scroll of blinking {unknown}
Potions
 e - 2 potions of brilliance {unknown}
 f - a potion of heal wounds {unknown}
 g - a potion of magic
 j - a potion of curing {unknown}


   Skills:
 - Level 2.4 Dodging
 - Level 1.4 Stealth
 - Level 4.7 Spellcasting
 + Level 6.0 Necromancy


You had 5 spell levels left.
You knew the following spells:

 Your Spells              Type           Power      Damage    Failure   Level
a - Necrotise             Necr           100%       1d9       1%          1
b - Vampiric Draining     Necr           27%        2d7       3%          3
c - Animate Dead          Necr           27%        N/A       11%         4

Your spell library contained the following spells:

 Spells                   Type           Power      Damage    Failure   Level
 Agony                    Necr           27%        N/A       30%         5


Dungeon Overview and Level Annotations

Branches:
Dungeon (4/15) Zot: 2069
 Temple: D:4-7

Altars:

Shops:
D:2 :


Innate Abilities, Weirdness & Mutations

You passively map a small area around you.
You are easily found by Zot.
You glow in the dark.
You regain HP and MP as you explore.


Message History

You call upon the dead to rise.
The +8 dagger of Xuavuaco {venom, rPois rN+} begins to drip with poison!
a - the +8 dagger of Xuavuaco (weapon)
{venom, rPois rN+} The howler monkey barely misses you.
The sky beast flickers out of sight!
Deactivating autopickup; reactivate with Ctrl-A.
You barely miss the howler monkey. The howler monkey barely misses you.
You closely miss the howler monkey. The howler monkey hits you.
You hit the howler monkey.
The howler monkey is poisoned.
The howler monkey hits you but does no damage.
Something hits you. Something shocks you.
You puncture the howler monkey!
You kill the howler monkey!
The dead are walking!
Something hits you. Something shocks you.
Your life force feels restored.
Your Necromancy skill increases to level 6!
Something barely misses you.
A sky beast appears from thin air!
Reactivating autopickup.
Your howler monkey zombie barely misses the sky beast.
You hit the sky beast.
The sky beast is poisoned.
The sky beast barely misses you.
Your howler monkey zombie closely misses the sky beast.
You hit the sky beast.
The sky beast looks as sick as possible!
The sky beast hits you.
* * * LOW HITPOINT WARNING * * *
The sky beast shocks you.
* * * LOW HITPOINT WARNING * * *
Your howler monkey zombie completely misses the sky beast.
Okay, then.
Casting: Animate Dead (quite dangerous; 11% risk of failure)
Aiming: Vampiric Draining (dangerous; 3% risk of failure)
Aim: a sky beast (heavily wounded, extremely poisoned, ally target)
You draw life force from the sky beast!
You feel life coursing into your body.
The sky beast flickers out of sight!
Deactivating autopickup; reactivate with Ctrl-A.
Something hits you.
* * * LOW HITPOINT WARNING * * *
Something shocks you.
You die...

.. ,
#.....###### , ,
+,,,#..........#
, ,
,#..........#,,
,* #..........#
, , #..........#
,, #..........#
,*
,,#..........# ,
, ,######.....#
, , , , #...@.+
,* * #..Z{.# ,
*, , #...~.# * ,
* #.....#, , * ,
,.........# , ,
.........# ,,
,..........# ,
..........#, ,
..........# ,


You could see a friendly howler monkey zombie.

Vanquished Creatures
  A scorpion (D:4)
  A howler monkey (D:4)
  A jelly (D:4)
  A worm (D:4)
  A ball python (D:2)
  A hobgoblin (D:2)
  3 kobolds
  2 quokkas
  A frilled lizard (D:2)
12 creatures vanquished.

Notes
Turn   | Place    | Note
-------+----------+-------------------------------------------
     0 | D:1      | Colgate the Meteoran Necromancer began the quest for the
                  | Orb.
     0 | D:1      | Reached XP level 1. HP: 14/14 MP: 5/5
    41 | D:2      | Found Yrexenk's Book Emporium.
    95 | D:2      | Reached XP level 2. HP: 20/20 MP: 5/7
   173 | D:3      | Identified the +8 dagger of Xuavuaco {venom, rPois rN+}
   248 | D:4      | Noticed a jelly
   253 | D:4      | Killed a jelly
   254 | D:4      | Reached XP level 3. HP: 26/26 MP: 6/10
   258 | D:4      | Learned a level 3 spell: Vampiric Draining
   268 | D:4      | Reached XP level 4. HP: 33/33 MP: 7/11
   274 | D:4      | Learned a level 4 spell: Animate Dead
   275 | D:4      | Noticed a scorpion
   281 | D:4      | Killed a scorpion
   282 | D:4      | Reached skill level 5 in Necromancy
   282 | D:4      | Reached XP level 5. HP: 37/38 MP: 7/13
   316 | D:4      | Noticed a sky beast
   326 | D:4      | Reached skill level 6 in Necromancy
   330 | D:4      | Slain by a sky beast

Illustrated notes

Levels and vault maps discovered:
D:1:      spicycebolla_arrival_transporter_tutorial, layout_basic,
          minmay_heptomino_d4
D:2:      layout_basic, serial_shops, shop, basic_altar, uniq_sigmund
D:3:      layout_loops_ring, gammafunk_temple_overflow_elements, nrook_campfire
D:4:      layout_gridville, minmay_temple_entry_arrows, uniq_duvessa,
          uniq_eustachio

Skill      XL: |  1  2  3  4  5 |
---------------+----------------+-----
Spellcasting   | 3 4 |  4.7
Necromancy     | 5 6 |  6.0
Dodging        | |  2.4
Stealth        | |  1.4

Action                     |  1- 3 |  4- 6 || total
---------------------------+-------+-------++-------
  Melee: Dagger            |       |     7 ||     7
   Fire: Sling             |     6 |     2 ||     8
   Cast: Necrotise         |    11 |     4 ||    15
         Animate Dead      |       |     1 ||     1
         Vampiric Draining |       |     1 ||     1
 Armour: Robe              |       |     1 ||     1
  Dodge: Dodged            |       |     4 ||     4

Table legend: (Time is in decaauts)
 A = Elapsed time spent in this place.
 B = Non-inter-level travel time spent in this place.
 C = Inter-level travel time spent in this place.
 D = Time resting spent in this place.
 E = Time spent auto-exploring this place.
 F = Levels seen in this place.
 G = Mean time per level.
                   A        B        C        D        E       F      G
               +--------+--------+--------+--------+--------+-----+--------+
         Total |    329 |    329 |      0 |      0 |      3 |   4 |   82.2 |
       Dungeon |    329 |    329 |      0 |      0 |      3 |   4 |   82.2 |
               +--------+--------+--------+--------+--------+-----+--------+

Top non-repeatable levels by time:
     D:3: 114 daAuts
     D:2: 107 daAuts
     D:4: 84 daAuts
     D:1: 24 daAuts
